 Dungeon Crawl Stone Soup version 0.30-a0-883-g5ad918d77d (webtiles) character file.

Game seed: 13687901938988687569

315 Sanktem7 the Chopper (level 6, -1/56 HPs)
             Began as a Minotaur Fighter on Mar 16, 2023.
             Killed from afar by an orc wizard (11 damage)
             ... with a puff of flame
             ... on level 4 of the Dungeon.
             The game lasted 00:03:30 (2380 turns).

Sanktem7 the Chopper (Minotaur Fighter)             Turns: 2380, Time: 00:03:32

Health: -1/56      AC:  9    Str: 23    XL:     6   Next: 20%
Magic:  5/5        EV:  7    Int:  5    God:
Gold:   135        SH:  4    Dex:  9    Spells: 5/5 levels left

rFire   . . .      SeeInvis .    a - +0 war axe
rCold   . . .      Faith    .    c - +0 buckler
rNeg    . . .      Spirit   .    k - +0 chain mail
rPois   .          Reflect  .    (helmet restricted)
rElec   .          Rampage  .    (no cloak)
rCorr   .                        (no gloves)
Will    .....                    (no boots) Stlth
                                 (no amulet)
HPRegen 0.29/turn                (no ring)
MPRegen 0.09/turn                (no ring)

@: no status effects
A: horns 2, retaliatory headbutt
a: no special abilities


You were on level 4 of the Dungeon.
You visited 1 branch of the dungeon, and saw 4 of its levels.

You collected 171 gold pieces.
You spent 36 gold pieces at shops.

Inventory:

Hand Weapons
 a - a +0 war axe (weapon)
Armour
 c - a +0 buckler (worn)
 k - a +0 chain mail (worn)
Wands
 n - a wand of flame (16)
Scrolls
 b - a scroll of enchant weapon {unknown}
 e - 3 scrolls of enchant armour {unknown}
 f - a scroll of fog {unknown}
 g - 4 scrolls of teleportation {unknown}
 i - a scroll of identify {unknown}
 l - a scroll of amnesia {unknown}
 m - a scroll of immolation {unknown}
 o - a scroll of blinking {unknown}
Potions
 d - 2 potions of might
 h - 6 potions of curing
 j - a potion of resistance {unknown}


   Skills:
 + Level 5.0 Fighting
 * Level 5.3 Axes
 + Level 5.0 Armour
 + Level 4.9 Shields


You had 5 spell levels left.
You didn't know any spells.
Your spell library contained the following spells:

 Spells                   Type           Power      Damage    Failure   Level
 Cigotuvi's Dreadful Rot  Necr/Pois/Air  0%         N/A       100%        2
 Poisonous Vapours        Pois/Air       0%         N/A       100%        2
 Mephitic Cloud           Conj/Pois/Air  0%         N/A       100%        3


Dungeon Overview and Level Annotations

Branches:
Dungeon (4/15)
 Temple: D:4-7

Altars:
Wu Jian

Shops:
D:3 !


Innate Abilities, Weirdness & Mutations

You have a pair of horns on your head.
You reflexively headbutt those who attack you in melee.


Message History

You completely miss something.
You feel less confused. The orc hits you with a +0 whip.
Something hits you but does no damage.
You slice the orc!!
You kill the orc!
You hit something.
An orc comes into view. It is wielding a +0 mace.
You hear some strange, mumbled words.
You are confused.
You closely miss something.
The orc shouts!
Something hits you but does no damage.
You closely miss something. Your headbutt misses something.
Something hits you. x2
You bump into the rock wall.
A phantom comes into view.
You hear some strange, mumbled words.
A magic dart appears from out of thin air!
The magic dart hits you.
You slash something! Your headbutt misses something.
Something hits you but does no damage.
You closely miss something. Something hits you.
You hit the orc.
The orc is severely wounded.
You barely miss something.
You feel less confused. The orc hits you with a +0 mace. Something hits you.
Something hits you but does no damage. The orc hits you but does no damage.
You closely miss something. You headbutt something. You barely miss the orc.
The orc hits you but does no damage.
You hear some strange, mumbled words.
A puff of flame appears from out of thin air!
The puff of flame hits you!
* * * LOW HITPOINT WARNING * * *
The orc attacks as you move away! The orc closely misses you.
You furiously retaliate!
You headbutt the orc.
You kill the orc!
You hear some strange, mumbled words.
A puff of flame appears from out of thin air!
The puff of flame hits you!
You die...

#.#..#....## ##
...........##..
...........#...
..............
#.....!......
........)..
#..).....!
#<.)......
#@{.##.... #...#
. #.W).........
.......##.......
.#...## ##...#.
##.. ..... ##
....> ..## ..


There were no monsters in sight!

Vanquished Creatures
  Grinder (D:3)
  An orc priest (D:4)
  2 adders
  A dart slug (D:2)
  5 orcs
  5 ball pythons
  10 endoplasms
  5 giant cockroaches
  6 hobgoblins
  5 jackals
  6 kobolds
  A quokka (D:1)
  2 bats (D:2)
  3 frilled lizards
  3 goblins
  3 rats
59 creatures vanquished.

Notes
Turn   | Place    | Note
-------+----------+-------------------------------------------
     0 | D:1      | Sanktem7 the Minotaur Fighter began the quest for the Orb.
     0 | D:1      | Reached XP level 1. HP: 19/19 MP: 0/0
   191 | D:1      | Reached XP level 2. HP: 27/27 MP: 1/1
   983 | D:2      | Reached XP level 3. HP: 33/33 MP: 2/2
  1509 | D:2      | Found a faded altar of an unknown god.
  1582 | D:3      | Noticed Grinder
  1594 | D:3      | Killed Grinder
  1595 | D:3      | Reached skill level 5 in Axes
  1595 | D:3      | Reached XP level 4. HP: 31/41 MP: 3/3
  1595 | D:3      | Reached XP level 5. HP: 35/47 MP: 4/4
  1775 | D:3      | Reached XP level 6. HP: 55/55 MP: 5/5
  1923 | D:3      | Found an ornate altar of the Wu Jian Council.
  2166 | D:3      | Found Oclirpho's Distillery.
  2170 | D:3      | Bought a potion of curing for 36 gold pieces
  2359 | D:4      | Reached skill level 5 in Fighting
  2359 | D:4      | Reached skill level 5 in Armour
  2380 | D:4      | Killed from afar by an orc wizard

Illustrated notes

Levels and vault maps discovered:
D:1:      lightli_arrival_statue_moat, layout_loops_corners, st_stairs_7
D:2:      layout_basic, ebering_ecumenical_altar_rust
D:3:      layout_basic, nicolae_wu_jian_immortal_techniques, serial_shops, shop,
          uniq_grinder
D:4:      layout_cave_pools, mainiacjoe_overflow_cross_hatched,
          portal_sewer_entry_e

Skill      XL: |  1  2  3  4  5  6 |
---------------+-------------------+-----
Axes           | 3 5 |  5.3
Armour         | 4 5 |  5.0
Fighting       | 4 5 |  5.0
Shields        | 4 |  4.9

Action                     |  1- 3 |  4- 6 || total
---------------------------+-------+-------++-------
  Melee: War axe           |    85 |    35 ||   120
         Headbutt          |    16 |     6 ||    22
 Armour: Scale mail        |    17 |       ||    17
         Chain mail        |    30 |    32 ||    62
  Dodge: Dodged            |    35 |    16 ||    51
  Block: Buckler           |    23 |     7 ||    30

Table legend: (Time is in decaauts)
 A = Elapsed time spent in this place.
 B = Non-inter-level travel time spent in this place.
 C = Inter-level travel time spent in this place.
 D = Time resting spent in this place.
 E = Time spent auto-exploring this place.
 F = Levels seen in this place.
 G = Mean time per level.
                   A        B        C        D        E       F      G
               +--------+--------+--------+--------+--------+-----+--------+
         Total |   2422 |   2288 |    134 |      0 |   1943 |   4 |  605.5 |
       Dungeon |   2422 |   2288 |    134 |      0 |   1943 |   4 |  605.5 |
               +--------+--------+--------+--------+--------+-----+--------+

Top non-repeatable levels by time:
     D:1: 885 daAuts
     D:3: 803 daAuts
     D:2: 694 daAuts
     D:4: 38 daAuts
